 Dungeon Crawl Stone Soup version 0.23.0 (webtiles) character file.

Game seed: 3623441378051143006

56 Ivernyr the Firebug (level 3, -8/33 HPs)
             Began as an Ogre Fire Elementalist on Feb 9, 2019.
             Killed by divine providence
             ... invoked by an orc priest
              (16 damage)
             ... on level 3 of the Dungeon.
             The game lasted 00:13:15 (2170 turns).

Ivernyr the Firebug (Ogre Fire Elementalist)        Turns: 2170, Time: 00:13:15

Health: -8/33      AC:  3    Str: 12    XL:     3   Next: 97%
Magic:  0/7        EV: 10    Int: 17    God:
Gold:   80         SH:  0    Dex:  9    Spells: 3/7 levels left

rFire    . . .     SeeInvis .   d - +0 whip
rCold    . . .     Gourm    .   (no shield)
rNeg     . . .     Faith    .   a - +0 robe
rPois    +         Spirit   .   (helmet restricted)
rElec    .         Reflect  .   (no cloak)
rCorr    .         Harm     .   (gloves unavailable)
MR       .....                  (boots unavailable)
Stlth    +.........             (no amulet)
HPRegen  0.11/turn              l - ring of poison resistance
MPRegen  0.10/turn              (no ring)

@: no status effects
A: large, unfitting armour, tough skin 1
a: no special abilities


You were on level 3 of the Dungeon.
You were near starving.

You visited 1 branch of the dungeon, and saw 3 of its levels.

You collected 80 gold pieces.

Inventory:

Hand Weapons
 d - a +0 whip (weapon)
Armour
 a - a +0 robe (worn)
Jewellery
 l - a ring of poison resistance (left hand)
Scrolls
 b - 4 scrolls of identify {unknown}
 f - a scroll of noise {unknown}
 h - a scroll of enchant armour {unknown}
Potions
 e - a potion of brilliance {unknown}
 g - a potion of lignification {unknown}
 i - a potion of heal wounds {unknown}
 j - 2 potions of curing {unknown}
 k - a potion of berserk rage {unknown}
Comestibles
 c - 4 rations


   Skills:
 + Level 1.0 Fighting
 - Level 2.1 Dodging
 - Level 1.4 Stealth
 + Level 2.9 Spellcasting
 * Level 2.1 Conjurations
 + Level 3.1 Fire Magic


You had 3 spell levels left.
You knew the following spells:

 Your Spells              Type           Power        Failure   Level  Hunger
a - Flame Tongue          Conj/Fire      ##...        6%          1    None
b - Conjure Flame         Conj/Fire      ##......     19%         3    ###....

Your spell library contained the following spells:

 Spells                   Type           Power        Failure   Level  Hunger
 Throw Flame              Conj/Fire      ##....       9%          2    ##.....
 Inner Flame              Hex/Fire       #.......     28%         3    ###....
 Sticky Flame             Conj/Fire      ##......     52%         4    ####...
 Fireball                 Conj/Fire      ##........   86%         5    ######.


Dungeon Overview and Level Annotations

Branches:
Dungeon (3/15)

Altars:


Innate Abilities, Weirdness & Mutations

You are too large for most types of armour.
You have tough skin. (AC +1)


Message History

The orc priest is lightly wounded.
The orc wizard shouts!
The orc priest hits you.
* * * LOW HITPOINT WARNING * * *
You hit the orc priest.
The orc priest is moderately wounded.
The orc priest looks satisfied for a moment.
Casting: Flame Tongue (safe; 6% risk of failure)
Confirm with . or Enter, or press ? or * to list all spells.
Aiming: Flame Tongue (safe; 6% risk of failure)
Press: ? - help, Shift-Dir - straight line, f/p - orc priest
Aim: an orc priest (moderately wounded)
The flame tongue misses the orc priest.
The flame tongue hits the orc wizard.
The orc wizard is lightly wounded.
The orc priest misses you.
You hit the orc priest.
The orc priest is moderately wounded.
The orc priest invokes the aid of Beogh against you.
Beogh smites you!
You die...

##################
#oo.o...o.....)..'
#o################
#@# ###'##########
#............#
#............#
#............#######
#...................
#..>................
#............#######
#............#


You could see an orc priest, an orc wizard and an orc.

Vanquished Creatures
  A worm (D:2)
  3 leopard geckos
  2 orcs (D:3)
  4 giant cockroaches
  3 goblins
  7 hobgoblins
  A quokka (D:2)
  8 bats
  3 frilled lizards
  4 kobolds
  10 rats
46 creatures vanquished.

Notes
Turn   | Place    | Note
-------+----------+-------------------------------------------
     0 | D:1      | Ivernyr the Ogre Fire Elementalist began the quest for the
                  | Orb.
     0 | D:1      | Reached XP level 1. HP: 16/16 MP: 3/3
    46 | D:1      | Reached skill level 1 in Conjurations
   164 | D:1      | Reached XP level 2. HP: 19/24 MP: 0/5
   705 | D:1      | Reached XP level 3. HP: 31/31 MP: 5/7
   729 | D:1      | Learned a level 3 spell: Conjure Flame
   980 | D:2      | Reached skill level 3 in Fire Magic
  2163 | D:3      | Reached skill level 1 in Fighting
  2170 | D:3      | Killed from afar by an orc priest

Skill      XL: |  1  2  3 |
---------------+----------+-----
Conjurations   | 1 2 |  2.1
Dodging        | 2 |  2.1
Fire Magic     | 3 |  3.1
Fighting       | 1 |  1.0
Stealth        | |  1.4
Spellcasting   | |  2.9

Action                   || total
-------------------------++-------
Melee: Whip              ||    42
 Cast: Flame Tongue      ||    82
  Eat: Chunk             ||     2
Armor: Robe              ||    26
Dodge: Dodged            ||    51
